 Dungeon Crawl Stone Soup version 0.29-a0-322-g68df515428 (webtiles) character file.

Game seed: 8194478711973740882

4802 sammy202020 the Cleaver (level 10, -1/141 HPs)
             Began as a Minotaur Berserker on Apr 9, 2022.
             Was a High Priest of Trog.
             Killed from afar by an electric eel (9 damage)
             ... with a bolt of electricity
             ... on level 7 of the Dungeon.
             The game lasted 00:13:42 (9610 turns).

sammy202020 the Cleaver (Minotaur Berserker)        Turns: 9610, Time: 00:13:44

Health: -1/141     AC: 15    Str: 29    XL:     10   Next: 24%
Magic:  9/9        EV:  9    Int:  8    God:    Trog [*****.]
Gold:   552        SH:  5    Dex:  9    Spells: 9/9 levels left

rFire   . . .      SeeInvis .   x - +3 hand axe (vamp)
rCold   . . .      Faith    .   (no shield)
rNeg    . . .      Spirit   .   u - +0 plate armour
rPois   .          Reflect  +   (helmet restricted)
rElec   .          Harm     .   (no cloak)
rCorr   .          Rampage  .   z - +0 pair of gloves
Will    +....                   (no boots)
Stlth   ..........              r - amulet of reflection
HPRegen 0.33/turn               e - +6 ring of strength
MPRegen 0.11/turn               J - ring of willpower

@: berserking, very quick
A: horns 2, retaliatory headbutt
a: Renounce Religion, Berserk, Trog's Hand, Brothers in Arms


You were on level 7 of the Dungeon.
You worshipped Trog.
Trog was extremely pleased with you.
You visited 1 branch of the dungeon, and saw 9 of its levels.
You also visited: Ossuary.

You collected 552 gold pieces.

Inventory:

Hand Weapons
 m - a +0 flail
 v - a +2 mace of protection
 x - a +3 vampiric hand axe (weapon)
 Q - a +5 flail
Missiles
 c - 16 boomerangs
 f - 3 throwing nets
 l - 55 poisoned darts (quivered)
 o - 3 silver javelins
Armour
 u - a +0 plate armour (worn)
 z - a +0 pair of gloves (worn)
Jewellery
 e - a +6 ring of strength (left hand)
 h - an amulet of magic regeneration
 k - a ring of ice
 r - an amulet of reflection (around neck)
 t - a ring of fire
 C - an amulet of faith
 J - a ring of willpower (right hand)
Wands
 a - a wand of paralysis (5)
 y - a wand of flame (26)
 E - a wand of iceblast (7)
 M - a wand of acid (11)
 O - a wand of charming (8)
Scrolls
 d - 3 scrolls of immolation
 i - a scroll of fear
 q - a scroll of silence {unknown}
 w - 3 scrolls of magic mapping
 A - 3 scrolls of teleportation
 H - 2 scrolls of enchant armour
 I - 2 scrolls of identify
 N - a scroll of noise {unknown}
 P - a scroll of enchant weapon
Potions
 b - a potion of ambrosia
 g - 8 potions of curing
 j - a potion of brilliance
 n - a potion of lignification
 p - a potion of haste
 s - a potion of berserk rage
 B - a potion of invisibility {unknown}
 D - a potion of cancellation
 F - 2 potions of heal wounds
 G - 2 potions of might {unknown}
 K - a potion of flight {unknown}
 L - a potion of mutation {unknown}


   Skills:
 * Level 10.3 Fighting
 * Level 10.4 Axes
 * Level 9.9 Armour
 + Level 6.5 Dodging


You had 9 spell levels left.
You didn't know any spells.
Your spell library was empty.

Dungeon Overview and Level Annotations

Branches:
Dungeon (9/15)                Orc (0/2) D:9         Ossuary (visited)
 Temple: D:4-7         Lair: D:8-11

Altars:
Cheibriados
Dithmenos
Fedhas
Nemelex Xobeh
Okawaru
Qazlal
Ru
Sif Muna
Vehumet
Wu Jian
Xom
Zin
Beogh

Shops:
D:1 [


Innate Abilities, Weirdness & Mutations

You have a pair of horns on your head.
You reflexively headbutt those who attack you in melee.


Message History

You are too injured to fight recklessly!
You are too injured to fight recklessly!
You are too injured to fight recklessly!
You are too injured to fight recklessly!
You are too injured to fight recklessly!
You enter the shallow water.
Moving in this stuff is going to be slow.
The electric eel shoots out a bolt of lightning at you!
The bolt of electricity hits you!
The electric eel shoots out a bolt of lightning at you!
The bolt of electricity hits you.
The electric eel shoots out a bolt of lightning at you!
The bolt of electricity hits you!
* * * LOW HITPOINT WARNING * * *
The bolt of electricity hits the plant! x2; The plant begins to die.
The electric eel shoots out a bolt of lightning at you!
The bolt of electricity hits you.
* * * LOW HITPOINT WARNING * * *
The bolt of electricity hits the electric eel.
The electric eel completely resists.
The bolt of electricity hits the electric eel.
The electric eel completely resists.
The bolt of electricity hits you.
* * * LOW HITPOINT WARNING * * *
You see here a +0 hand axe.
A red film seems to cover your vision as you go berserk!
You feel yourself moving faster!
You feel mighty!
A nearby plant withers and dies.
You miss the electric eel. You slash the electric eel!
You barely miss the electric eel.
The electric eel shoots out a bolt of lightning at you!
The bolt of electricity hits you!
* * * LOW HITPOINT WARNING * * *
The bolt of electricity hits the electric eel.
The electric eel completely resists.
The bolt of electricity hits the electric eel.
The electric eel completely resists.
The bolt of electricity hits you.
* * * LOW HITPOINT WARNING * * *
The electric eel shoots out a bolt of lightning at you!
The bolt of electricity hits you!
You die...

#≈## ..$.≈##.#.<....#.....#
#≈# .≈P≈≈S#.#......'.....#
#≈# ..P.[S#.#......#.....#
#.#+ .PP[≈S#)#......##'####
#..# ...≈≈##≈##.....#.....#
##≈##########≈##....#.....#
#≈≈##...$.≈##≈#....#.....#
##≈#....≈SS≈#.#....#.....'
#.#....≈@.≈#.#....#.....#
#.#'..≈≈S≈≈#.#....#....>#
#..#..P/?≈##'#....#.....#
##.########.......#.....#
##########.......#.....#
#.........).....#######
#........)......#.....#
#...............'.....#
#..............)#.....#


You could see 3 electric eels.

Vanquished Creatures
  A troll (D:9)
  A wraith (D:9)
  2 shadows (D:9)
  A vampire mosquito (D:7)
  2 steam dragons
  An ice beast (D:7)
  A sky beast (D:6)
  6 orc warriors
  A black bear (D:5)
  2 ogres
  3 centaurs (D:9)
  4 kobold brigands (D:9)
  2 bullfrogs (D:8)
  A gnoll sergeant (D:9)
  A necrophage (D:5)
  A scorpion (D:5)
  10 wights
  11 killer bees
  3 human zombies (Ossuary)
  A centaur zombie (Ossuary)
  5 orc priests
  A hound (D:4)
  4 iguanas
  4 orc wizards
  3 hound zombies (Ossuary)
  3 mummies (Ossuary)
  7 gnolls
  6 adders
  A shadow imp (D:5)
  An ufetubus (D:6)
  4 adder zombies (Ossuary)
  A worm (D:4)
  7 dart slugs
  41 orcs
  9 endoplasms
  5 giant cockroaches
  3 gnoll zombies (Ossuary)
  11 goblins
  7 hobgoblins
  4 jackals (D:4)
  21 kobolds
  4 quokkas
  3 ball pythons (D:4)
  4 bats
  3 frilled lizards
  5 goblin zombies (Ossuary)
  7 hobgoblin zombies (Ossuary)
  4 jackal zombies (Ossuary)
  5 quokka zombies (Ossuary)
  4 rats
  3 rat zombies (Ossuary)
245 creatures vanquished.

Vanquished Creatures (others)
  A kobold (D:4)
  2 plants (D:7)
3 creatures vanquished.

Grand Total: 248 creatures vanquished

Notes
Turn   | Place    | Note
-------+----------+-------------------------------------------
     0 | D:1      | sammy202020 the Minotaur Berserker began the quest for the
                  | Orb.
     0 | D:1      | Reached XP level 1. HP: 19/19 MP: 0/0
   243 | D:1      | Found Fufe's Antique Armour Shoppe.
   322 | D:1      | Reached XP level 2. HP: 27/27 MP: 1/1
   802 | D:2      | Reached XP level 3. HP: 33/33 MP: 2/2
   831 | D:2      | Reached ** piety under Trog
  1507 | D:2      | Found a glowing silver altar of Zin.
  1592 | D:2      | Reached XP level 4. HP: 34/41 MP: 3/3
  1605 | D:2      | Reached XP level 5. HP: 19/47 MP: 4/4
  2380 | D:3      | Reached skill level 5 in Axes
  2531 | D:3      | Found a faded altar of an unknown god.
  2563 | D:3      | Found a sparkling altar of Nemelex Xobeh.
  2591 | D:3      | Found a snail-covered altar of Cheibriados.
  2847 | D:3      | Reached skill level 5 in Fighting
  2904 | D:4      | Found a glowing silver altar of Zin.
  2904 | D:4      | Found a shimmering altar of Xom.
  2904 | D:4      | Found an iron altar of Okawaru.
  2905 | D:4      | Found a radiant altar of Vehumet.
  3094 | D:4      | Found an ornate altar of the Wu Jian Council.
  3295 | D:4      | Found a shimmering blue altar of Sif Muna.
  3399 | D:4      | Reached XP level 6. HP: 30/56 MP: 5/5
  4073 | D:5      | Entered Level 5 of the Dungeon
  4085 | D:5      | Reached *** piety under Trog
  4101 | D:5      | Found a stormy altar of Qazlal.
  4387 | D:5      | Reached skill level 5 in Armour
  4433 | D:5      | Reached XP level 7. HP: 63/63 MP: 6/6
  4703 | D:5      | Found a sand-covered staircase.
  4708 | Ossuary  | Entered an ossuary
  4927 | Ossuary  | Reached **** piety under Trog
  5290 | D:5      | Found a shadowy altar of Dithmenos.
  5662 | D:6      | Reached XP level 8. HP: 53/73 MP: 7/7
  6709 | D:7      | You fall into a shaft and drop 2 floors!
  6753 | D:9      | Found a staircase to the Orcish Mines.
  6771 | D:9      | Reached skill level 5 in Dodging
  6894 | D:9      | Reached XP level 9. HP: 80/82 MP: 8/8
  6895 | D:9      | Reached ***** piety under Trog
  6991 | D:9      | Noticed a troll
  7002 | D:9      | Killed a troll
  8137 | D:8      | Found a blossoming altar of Fedhas.
  8294 | D:8      | Reached skill level 10 in Axes
  8313 | D:8      | Reached XP level 10. HP: 80/90 MP: 9/9
  8315 | D:8      | Reached skill level 10 in Fighting
  8726 | D:8      | Found a sacrificial altar of Ru.
  9610 | D:7      | Killed from afar by an electric eel

Illustrated notes

Levels and vault maps discovered:
D:1:      denvon_arrival_planthouse, layout_basic, serial_shops,
          nicolae_diamond_shop
D:2:      layout_rooms, serial_co_window_serial, co_window_of_opportunity_a,
          co_window_paths_a, co_window_corner_a, co_window_paths_a,
          co_window_corner_a, co_window_paths_b, co_window_corner_a,
          co_window_of_opportunity_b, co_window_corner_b, co_window_broadway_a,
          co_window_corner_b, co_window_broadway_b, co_window_broadway_b,
          co_window_corner_b, co_window_4corner_b, glass_columns_c, basic_altar,
          hangedman_abyss_or_decor_stabs
D:3:      kennysheep_slugbush, layout_loops_corners,
          mainiacjoe_overflow_big_doors, hellmonk_ecumenical_altar_prayer_group
D:4:      wad_lake_hut, layout_loops_ring, nicolae_wu_jian_wuxing_cycle,
          chequers_temple_overflow_statue_of_worship, kennysheep_little_box,
          minmay_misc_feat_cross
D:5:      layout_basic, mainiacjoe_overflow_tiny_flanked,
          grunt_qazlal_sundering, enter_ossuary_5
D:6:      layout_basic, kennysheep_path_1
D:7:      cheibrodos_two_vegetables, layout_gridville,
          minmay_temple_entry_statues_fountains, serial_shops,
          nicolae_shop_bloodbath_and_beyond, item_on_display_a
D:8:      layout_layer_cave, nicolae_ru_the_path_less_chosen,
          mainiacjoe_overflow_24_doors
D:9:      layout_stronghold, david_orc_5, enter_bailey_5, minivault_23

Skill      XL: |  1  2  3  4  5  6  7  8  9 10 |
---------------+-------------------------------+-----
Fighting       | 4 5 6 7 8 9 10 | 10.3
Axes           | 4 5 6 7 8 10 | 10.4
Armour         | 3 4 5 6 7 9 |  9.9
Dodging        | 3 4 5 6 |  6.5

Action                   |  1- 3 |  4- 6 |  7- 9 | 10-12 || total
-------------------------+-------+-------+-------+-------++-------
Melee: Hand axe          |    66 |    50 |   175 |    66 ||   357
       Headbutt          |     9 |    21 |    58 |     3 ||    91
       War axe           |       |    71 |   123 |       ||   194
       Punch             |       |     1 |     2 |     3 ||     6
Throw: Dart              |       |     3 |       |       ||     3
Invok: Berserk           |       |     1 |     2 |     1 ||     4
       Trog's Hand       |       |     1 |     1 |       ||     2
  Use: Scroll            |       |    11 |    11 |       ||    22
       Potion            |       |       |     1 |       ||     1
 Stab: Sleeping          |     1 |       |       |       ||     1
Armor: Animal skin       |     3 |       |       |       ||     3
       Chain mail        |    28 |    29 |       |       ||    57
       Plate armour      |       |    21 |   167 |    29 ||   217
Dodge: Dodged            |    37 |    43 |   121 |    28 ||   229
Block: Other             |       |    24 |    83 |    16 ||   123
       Reflection        |       |     4 |     4 |       ||     8

Table legend: (Time is in decaauts)
 A = Elapsed time spent in this place.
 B = Non-inter-level travel time spent in this place.
 C = Inter-level travel time spent in this place.
 D = Time resting spent in this place.
 E = Time spent auto-exploring this place.
 F = Levels seen in this place.
 G = Mean time per level.
                   A        B        C        D        E       F      G
               +--------+--------+--------+--------+--------+-----+--------+
         Total |   9715 |   9428 |    287 |      5 |   7747 |  10 |  971.5 |
       Dungeon |   9244 |   8957 |    287 |      5 |   7482 |   9 | 1027.1 |
       Ossuary |    470 |    470 |      0 |      0 |    265 |   1 |  470.0 |
               +--------+--------+--------+--------+--------+-----+--------+

Top non-repeatable levels by time:
     D:9: 1359 daAuts
     D:2: 1311 daAuts
     D:8: 1263 daAuts
     D:4: 1245 daAuts
     D:5: 1126 daAuts
     D:6: 968 daAuts
     D:3: 852 daAuts
     D:1: 749 daAuts
 Ossuary: 470 daAuts
     D:7: 368 daAuts
